 Dungeon Crawl Stone Soup version 0.29.1-15-g9cfb28693d (webtiles) character file.

Game seed: 14863919108127006848

5 Eitelfritz the Slasher (level 1, 0/18 HPs)
             Began as a Minotaur Gladiator on Apr 29, 2023.
             Slain by a gnoll
             ... wielding a +0 club
              (4 damage)
             ... on level 1 of the Dungeon.
             The game lasted 00:00:23 (421 turns).

Eitelfritz the Slasher (Minotaur Gladiator)          Turns: 421, Time: 00:00:23

Health: 0/18       AC:  3    Str: 18    XL:     1   Next: 66%
Magic:  0/0        EV: 12    Int:  5    God:
Gold:   15         SH:  0    Dex: 11    Spells: 0/0 levels left

rFire   . . .      SeeInvis .   a - +0 long sword
rCold   . . .      Faith    .   (no shield)
rNeg    . . .      Spirit   .   b - +0 leather armour
rPois   .          Reflect  .   c - +0 hat
rElec   .          Harm     .   (no cloak)
rCorr   .          Rampage  .   (no gloves)
Will    .....                   (no boots)
Stlth   +.........              (no amulet)
HPRegen 0.06/turn               (no ring)
MPRegen 0.07/turn               (no ring)

@: lethally poisoned (0 -> -7)
A: horns 2, retaliatory headbutt
a: no special abilities


You were on level 1 of the Dungeon.
You visited 1 branch of the dungeon, and saw 1 of its levels.

You collected 15 gold pieces.

Inventory:

Hand Weapons
 a - a +0 long sword (weapon)
 g - a +0 flail
Missiles
 d - 3 throwing nets (quivered)
 e - 7 javelins
Armour
 b - a +0 leather armour (worn)
 c - a +0 hat (worn)
Scrolls
 f - a scroll of identify {unknown}


   Skills:
 + Level 2.5 Fighting
 + Level 3.8 Long Blades
 + Level 2.0 Throwing
 + Level 0.5 Armour
 + Level 3.3 Dodging


You couldn't memorise any spells.
You didn't know any spells.
Your spell library was empty.

Dungeon Overview and Level Annotations

Branches:
Dungeon (1/15)

Altars:


Innate Abilities, Weirdness & Mutations

You have a pair of horns on your head.
You reflexively headbutt those who attack you in melee.


Message History

Found 15 gold pieces.
You slash the ball python!
You kill the ball python!
You now have 15 gold pieces.
e - 7 javelins (gained 6)
Found a faded altar of an unknown god.
A kobold comes into view. It is wielding a +0 whip.
The kobold shouts!
You hear a shout!
A kobold is nearby!
A frilled lizard comes into view.
The frilled lizard hisses angrily.
You barely miss the frilled lizard. The frilled lizard closely misses you.
You miss the frilled lizard. The frilled lizard bites you.
You barely miss the frilled lizard.
Something hits the plant.
The plant begins to die.
The frilled lizard misses you. You furiously retaliate!
You headbutt the frilled lizard!
You kill the frilled lizard!
You barely miss the kobold. The kobold misses you.
You hit the kobold.
You kill the kobold!
Things that are here:
a +0 whip; 2 stones; a kobold corpse A nearby plant withers and dies.
A gnoll comes into view. It is wielding a +0 club.
The gnoll shouts!
You hear a shout!
A goblin comes into view. It is wielding a +0 dagger of venom.
You closely miss the gnoll. The gnoll hits you with a +0 club.
You barely miss the gnoll. The gnoll misses you. You furiously retaliate!
You headbutt the gnoll. The goblin hits you but does no damage.
You are poisoned.
You barely miss the gnoll.
The gnoll is moderately wounded.
You feel very sick. The gnoll hits you with a +0 club!
Ouch! That really hurt!
* * * LOW HITPOINT WARNING * * *
The goblin hits you with a +0 dagger of venom.
* * * LOW HITPOINT WARNING * * *
The goblin barely misses you. The gnoll hits you with a +0 club.
You die...

#. . .#### ######.#
...# .#.... ...#
...#############..#
....#.P.#.#...#.gg#
....#.#.#P#.#.#.@#
.....P.....P)....#
....#.#.#.#.#.#..#
....#...#_#.P.#..#
....#.#.#.#.#.#..#
.#..PPP..P..PP...#
....#.#.#.#.#.#...#
##..#.P.#P#.P.#...#
#..#############..#


You could see a gnoll and a goblin.

Vanquished Creatures
  A ball python (D:1)
  A quokka (D:1)
  A frilled lizard (D:1)
  2 kobolds (D:1)
5 creatures vanquished.

Vanquished Creatures (others)
  A plant (D:1)
1 creature vanquished.

Grand Total: 6 creatures vanquished

Notes
Turn   | Place    | Note
-------+----------+-------------------------------------------
     0 | D:1      | Eitelfritz the Minotaur Gladiator began the quest for the
                  | Orb.
     0 | D:1      | Reached XP level 1. HP: 18/18 MP: 0/0
   401 | D:1      | Found a faded altar of an unknown god.
   421 | D:1      | Slain by a gnoll

Illustrated notes

Levels and vault maps discovered:
D:1:      tarquinn_simple_flora_water_b, layout_loops_corners,
          shapermc_ecumenical_altar_mp_urbaneastern, minmay_tromino_v4_b

Action                   || total
-------------------------++-------
Melee: Long sword        ||    19
       Punch             ||     1
Armor: Leather armour    ||     2
Dodge: Dodged            ||     9
